 Dungeon Crawl Stone Soup version 0.30-a0-414-gcb316572d5 (webtiles) character file.

Game seed: 7125778159030736244

30 flotson the Sneak (level 3, -6/29 HPs)
             Began as a Demonspawn Delver on Dec 8, 2022.
             Killed from afar by Ijyb (17 damage)
             ... with a bolt of light
             ... on level 3 of the Dungeon.
             The game lasted 00:01:46 (578 turns).

flotson the Sneak (Demonspawn Delver)                Turns: 578, Time: 00:01:46

Health: -6/29      AC:  6    Str: 14    XL:     3   Next: 3%
Magic:  3/3        EV:  9    Int: 11    God:
Gold:   18         SH:  0    Dex: 14    Spells: 2/2 levels left

rFire   . . .      SeeInvis .    a - +0 hand axe
rCold   . . .      Faith    .    (no shield)
rNeg    . . .      Spirit   .    h - +0 scale mail
rPois   .          Reflect  .    (no helmet)
rElec   .          Harm     .    (no cloak)
rCorr   .          Rampage  .    (no gloves)
Will    .....                    (no boots)
Stlth   ..........               (no amulet)
HPRegen 0.24/turn                (no ring)
MPRegen 0.08/turn                (no ring)

@: confused
A: powered by death 1, weakness stinger 1
a: no special abilities


You were on level 3 of the Dungeon.
You visited 1 branch of the dungeon, and saw 3 of its levels.

You collected 18 gold pieces.

Inventory:

Hand Weapons
 a - a +0 hand axe (weapon)
Armour
 h - a +0 scale mail (worn)
Wands
 g - a wand of digging (3)
 k - a wand of charming (15)
Scrolls
 c - a scroll of fog
 d - 2 scrolls of magic mapping
 e - a scroll of blinking {unknown}
 f - a scroll of immolation {unknown}
 j - a scroll of noise {unknown}
Potions
 b - a potion of lignification {unknown}
 i - a potion of curing {unknown}


   Skills:
 + Level 3.2 Fighting
 - Level 1.7 Axes
 + Level 0.9 Armour
 + Level 2.1 Dodging
 + Level 4.7 Stealth
 + Level 1.0 Evocations


You had 2 spell levels left.
You didn't know any spells.
Your spell library was empty.

Dungeon Overview and Level Annotations

Branches:
Dungeon (5/15)
 Temple: D:4-7

Altars:

Annotations:
D:3 Ijyb


Innate Abilities, Weirdness & Mutations

You regenerate a little health from kills.
You have a small tail.


Message History

What are your orders? t - Shout!
Orders for allies: a - Attack new target. r - Retreat! s - Stop attacking. g - Guard the area. f - Follow me.
Anything else - Cancel.
Okay, then.
You start resting.
HP restored.
An endoplasm comes into view.
The endoplasm quivers.
You hit the endoplasm.
The endoplasm is severely wounded.
The endoplasm hits you but does no damage.
You hit the endoplasm.
You kill the endoplasm!
No target in view!
e - a scroll labelled MOCEANIDUTIPU You open the door.
There is an open door here.
Aiming: Charm
Press: ? - help, Shift-Dir - straight line, f - Ijyb
Aim: Ijyb, wielding a +0 club, wearing a +0 leather armour and carrying a wand of light (8) (wandering, hasn't noticed you, chance to affect: 60%)
Okay, then.
Ijyb shouts!
Ijyb zaps a wand.
The bolt of light hits you!
Ijyb zaps a wand.
The bolt of light misses you. Ijyb screams, "Me stronger than you!"
Ijyb zaps a wand.
The bolt of light hits you. Ijyb hits you with a +0 club.
You barely miss Ijyb.
Ijyb zaps a wand.
The bolt of light misses you. Ijyb hits you but does no damage.
You barely miss Ijyb. Ijyb hits you but does no damage.
You barely miss Ijyb. Ijyb hits you with a +0 club.
You hit Ijyb.
Ijyb is moderately wounded.
Ijyb zaps a wand.
The bolt of light hits you!
You are confused.
Ouch! That really hurt!
You die...

#.....#..(.........#
#.....#............#
#.....#............#
#g....#............#######
#.$...#............#.....#
##.....#............#^....#
###..........g........+.....+
###.............@.......#.....##
#...######..............##.....##
........#...############.'.......
........#...# ### #.#.......
........+...+ ..# #.#.......
........#...# #.########.#.####..
.....†..#...# #.#..........# .
........#...# #.#..........#
........#...# #.#..........#


You could see Ijyb.

Vanquished Creatures
  2 adders
  A dart slug (D:3)
  2 endoplasms (D:3)
  A giant cockroach (D:3)
  A hobgoblin (D:3)
  A quokka (D:5)
  A goblin (D:3)
  2 rats (D:3)
11 creatures vanquished.

Notes
Turn   | Place    | Note
-------+----------+-------------------------------------------
     0 | D:5      | flotson the Demonspawn Delver began the quest for the Orb.
     0 | D:5      | Reached XP level 1. HP: 18/18 MP: 1/1
    12 | D:5      | Noticed a scorpion
    18 | D:5      | Gained mutation: You regenerate a little health from kills.
                  | [demonic ancestry]
    18 | D:5      | Reached XP level 2. HP: 9/24 MP: 2/2
   266 | D:3      | Noticed Ijyb
   432 | D:3      | Reached skill level 1 in Evocations
   432 | D:3      | Discovered your monstrous ancestry.
   432 | D:3      | Gained mutation: You have a small tail. [demonic ancestry]
   432 | D:3      | Reached XP level 3. HP: 27/29 MP: 3/3
   578 | D:3      | Killed from afar by Ijyb

Illustrated notes

Levels and vault maps discovered:
D:3:      layout_basic, uniq_ijyb
D:4:      layout_basic, gammafunk_ghost_cemetery
D:5:      layout_basic, minmay_overflow_temple_star_hex, grunt_ministairs_15,
          corexii_item_surrounded_by_moat, uniq_duvessa

Skill      XL: |  1  2 |
---------------+-------+-----
Dodging        | 2 |  2.1
Evocations     | 1 |  1.0
Fighting       | |  3.2
Axes           | |  1.7
Armour         | |  0.9
Stealth        | |  4.7

Action                   || total
-------------------------++-------
Melee: Hand axe          ||    45
  Use: Potion            ||     1
       Scroll            ||     1
Armor: Leather armour    ||     1
       Scale mail        ||    16
Dodge: Dodged            ||    23

Table legend: (Time is in decaauts)
 A = Elapsed time spent in this place.
 B = Non-inter-level travel time spent in this place.
 C = Inter-level travel time spent in this place.
 D = Time resting spent in this place.
 E = Time spent auto-exploring this place.
 F = Levels seen in this place.
 G = Mean time per level.
                   A        B        C        D        E       F      G
               +--------+--------+--------+--------+--------+-----+--------+
         Total |    571 |    571 |      0 |    157 |    231 |   3 |  190.3 |
       Dungeon |    571 |    571 |      0 |    157 |    231 |   3 |  190.3 |
               +--------+--------+--------+--------+--------+-----+--------+

Top non-repeatable levels by time:
     D:3: 325 daAuts
     D:4: 186 daAuts
     D:5: 59 daAuts
